 Dungeon Crawl Stone Soup version 0.24.0-1-gfbc8707 (webtiles) character file.

Game seed: 5419412960084970486, levelgen mode: deterministic

18 Faca the Protected (level 2, -8/20 HPs)
             Began as a Gnoll Wanderer on Nov 6, 2019.
             Killed by nerve-wracking pain
             ... invoked by a shadow imp
              (9 damage)
             ... on level 2 of the Dungeon.
             The game lasted 00:02:08 (1127 turns).

Faca the Protected (Gnoll Wanderer)                 Turns: 1127, Time: 00:02:08

Health: -8/20      AC: 10    Str: 13    XL:     2   Next: 66%
Magic:  3/3        EV:  9    Int: 14    God:
Gold:   46         SH:  4    Dex: 15    Spells: 2/2 levels left

rFire    . . .     SeeInvis .   a - -2 spear (curse)
rCold    . . .     Gourm    .   c - +0 buckler
rNeg     . . .     Faith    .   d - +2 scale mail
rPois    .         Spirit   .   (no helmet)
rElec    .         Reflect  .   (no cloak)
rCorr    .         Harm     .   (no gloves)
MR       .....                  (no boots)
Stlth    ..........             (no amulet)
HPRegen  0.06/turn              o - ring of attention (curse)
MPRegen  0.08/turn              (no ring)

@: no status effects
A: distributed training, fangs 1, strong nose
a: no special abilities


You were on level 2 of the Dungeon.
You were hungry.

You visited 1 branch of the dungeon, and saw 2 of its levels.

You collected 46 gold pieces.

Inventory:

Hand Weapons
 a - a cursed -2 spear (weapon)
 p - a +0 short sword
Missiles
 i - a throwing net (quivered)
Armour
 c - a +0 buckler (worn)
 d - a +2 scale mail (worn)
Jewellery
 o - a cursed ring of attention (left hand)
Scrolls
 e - a scroll of fog {unknown}
Potions
 b - a potion of lignification
 h - a potion of cancellation {unknown}
 j - 3 potions of curing {unknown}
 k - a potion of ambrosia {unknown}
 m - a potion of degeneration {unknown}
Comestibles
 f - 5 rations


   Skills:
 + Level 0.5 Fighting
 + Level 0.5 Short Blades
 + Level 0.5 Long Blades
 + Level 8.5 Axes
 + Level 0.5 Maces & Flails
 + Level 0.5 Polearms
 + Level 0.5 Staves
 + Level 0.5 Slings
 + Level 0.5 Bows
 + Level 0.5 Crossbows
 + Level 0.5 Throwing
 + Level 8.5 Armour
 + Level 0.5 Dodging
 + Level 0.5 Stealth
 + Level 2.5 Shields
 + Level 0.5 Unarmed Combat
 + Level 0.5 Spellcasting
 + Level 0.3 Conjurations
 + Level 0.3 Hexes
 + Level 0.3 Charms
 + Level 0.3 Summonings
 + Level 0.3 Necromancy
 + Level 0.3 Translocations
 + Level 0.3 Transmutations
 + Level 0.3 Fire Magic
 + Level 0.3 Ice Magic
 + Level 0.3 Air Magic
 + Level 0.3 Earth Magic
 + Level 0.3 Poison Magic
 + Level 0.6 Invocations
 + Level 2.5 Evocations


You had 2 spell levels left.
You didn't know any spells.
Your spell library was empty.

Dungeon Overview and Level Annotations

Branches:
Dungeon (2/15)

Altars:


Innate Abilities, Weirdness & Mutations

Your experience applies equally to all skills.
You have very sharp teeth.
Your uncanny sense of smell can sniff out nearby items.


Message History

The shadow imp hits you but does no damage.
You hit the shadow imp but do no damage.
You bite the shadow imp, but do no damage.
The shadow imp is almost dead.
The shadow imp gestures at you. Pain shoots through your body!
Ouch! That really hurt!
* * * LOW HITPOINT WARNING * * *
You hit the shadow imp but do no damage.
Your bite misses the shadow imp.
The shadow imp is almost dead.
The shadow imp hits you but does no damage.
You barely miss the shadow imp.
The shadow imp is almost dead.
The shadow imp hits you but does no damage.
You closely miss the shadow imp.
The shadow imp is almost dead.
The shadow imp gestures at you. Pain shoots through your body!
You die...

#.# #.# #.#
####.#
#....#
#....#
#...5#
#...@#
####.# #.#
#.# #.# #.#
#####'####
#........###
#..........#


You could see a shadow imp.

Vanquished Creatures
  2 dart slugs (D:1)
  A leopard gecko (D:1)
  2 goblins (D:1)
  A hobgoblin (D:1)
  3 jackals (D:1)
  2 bats (D:1)
  A frilled lizard (D:1)
12 creatures vanquished.

Notes
Turn   | Place    | Note
-------+----------+-------------------------------------------
     0 | D:1      | Faca the Gnoll Wanderer began the quest for the Orb.
     0 | D:1      | Faca set off with the following items: a +0 dagger, a
                  | potion of lignification, a +0 buckler, a +2 scale mail, a
                  | ration
     0 | D:1      | Reached XP level 1. HP: 13/13 MP: 2/2
   217 | D:1      | Reached XP level 2. HP: 5/19 MP: 3/3
  1124 | D:2      | HP: 1/20 [shadow imp/nerve-wracking pain (10)]
  1127 | D:2      | Killed from afar by a shadow imp

Levels and vault maps discovered:
D:1:      dpeg_arrival_lava_altar, layout_basic
D:2:      layout_basic

Action                   || total
-------------------------++-------
Melee: Dagger            ||    62
       Bite              ||    13
       Spear             ||    35
  Use: Scroll            ||     4
Armor: Scale mail        ||    54
Dodge: Dodged            ||    43
Block: Buckler           ||    30
